 BcadrenCrawl: Boulder Brew version 0.03.3.1-25-g7b9318e587 (webtiles) character file.

Game seed: 2973180898310141221, levelgen mode: deterministic

2077 Chiseanne the Fighter (level 9, -7/67 HPs) Goblin Demonspawn. Began on Mar 18, 2021. Was an Initiate of Gozag Ym Sagoz. Mangled by an orc warrior ... wielding a +0 halberd (27 damage) ... on level 4 of the Dungeon. The game lasted 00:17:39 (4393 turns).

Chiseanne the Fighter (Goblin Demonspawn)           Turns: 4393, Time: 00:17:40

Health: -7/67      AC: 10    Str:  4    XL:     9 ^: 941
Magic:  9/9        EV: 12    Int:  6    God:    Gozag Ym Sagoz
Gold:   934        SH: 12    Dex: 12    Spells: 9/10 levels left

rFire    + . .     Vision   .   a - +0 rapier
rCold    . . .     Gourm    .   s - +6 heater shield of the Voivode {rPois Str-4 Dex+6 Slay+2}
rNeg     . . .     Faith    .   o - +0 ring mail
rPois    +         Spirit   .   (no helmet)
rElec    +         Reflect  .   (no cloak)
rCorr    .         Harm     .   (no gloves)
MR       .....                  (no boots)
Stlth    ++++......             h - amulet of chaos
HPRegen  0.32/turn              (no ring)
MPRegen  0.19/turn              (no ring)

@: no status effects
A: small, stagnant stats, goblin's greed, talons 1, molten scales 3, low mp 1,
mutation resistance 1, nightstalker 1, god's pity 2
a: Potion Petition, Call Merchant, Bribe Branch, Renounce Religion


You were on level 4 of the Dungeon.
You worshipped Gozag Ym Sagoz.
Gozag Ym Sagoz was pleased with you.
You were very full.

You visited 2 branches of the dungeon, and saw 5 of its levels.

You collected 1915 gold pieces.
You spent 583 gold pieces at shops.
You paid 776 gold pieces to Gozag.

Inventory:

Weapons
 a - a +0 rapier (weapon)
 j - a cursed +2 dagger of venom {(Curse: rC-)} Shields
 s - the +6 heater shield of the Voivode (shield) {rPois Str-4 Dex+6 Slay+2}
   (You bought it in a shop on level 4 of the Dungeon)

   Base shield rating: 8 Skill to remove penalty: 21.0 It affects your strength
   (-4).
   It affects your dexterity (+6).
   It affects your accuracy and damage with ranged weapons and melee attacks
   (+2).
   It protects you from poison.
Armour
 o - a +0 ring mail (worn)
Jewellery
 h - an amulet of chaos (around neck)
 i - an uncursed amulet of harm
 k - a cursed amulet of the acrobat {(Curse: MR-)}
 l - a cursed ring of wizardry {(Curse: rF- rC-)}
Wands
 p - a wand of disintegration (23)
Scrolls
 e - a scroll of amnesia
 g - a scroll of magic mapping
 n - 7 scrolls of teleportation
Potions
 b - a potion of curing
 f - a potion of resistance
 m - a potion of cure mutation
 q - a potion of might
 r - 2 potions of magic
Comestibles
 d - 6 rations


   Skills:
 * Level 8.6 Fighting
 - Level 2.6 Short Blades
 * Level 4.4 Armour
 - Level 8.4 Dodging
 * Level 8.3 Stealth
 * Level 1.1 Shields
 - Level 1.3 Spellcasting
 - Level 2.6 Fire Magic
   Level 4.0 Invocations


You had 9 spell levels left.
You knew the following spells:

 Your Spells              Type           Power        Failure   Level  Hunger
a - Lick                  Fire           3 (30)       91%         1    ##.....

Your spell library contained the following spells:

 Spells                   Type           Power        Failure   Level  Hunger
 Random Cloud             Fire           3 (100)      99%         3    ####...
 Blink                    Tloc           N/A          100%        2    ###....
 Call Imp                 Summ           0 (100)      100%        2    ###....
 Slow                     Hex            0 (100)      100%        2    ###....
 Chaotic Cloudburst       Pois/Air       0 (100)      100%        3    ####...
 Cause Fear               Hex            0 (200)      100%        4    #####..
 Silence                  Hex/Air        0 (200)      100%        5    ######.
 Yara's Violent Unravell  Hex/Tmut       0 (200)      100%        5    ######.
 Deflect Missiles         Chrm/Air       0 (200)      100%        6    #######
 Discord                  Hex            0 (200)      100%        8    #######


Dungeon Overview and Level Annotations

Branches:
Dungeon (4/8)              Temple (1/1) D:4

Altars:
Ashenzari
Cheibriados
Elyvilon
Fedhas Madash
Gozag Ym Sagoz
Hepliaklqana
Kikubaaqudgha
Nemelex Xobeh
Okawaru
Qazlal
Sif Muna
Trog
Uskayaw
Wu Jian
Xom
Yredelemnul

Shops:
D:4 (

Annotations:
D:2 Robin
D:3 exclusion: door


Innate Abilities, Weirdness & Mutations

Your stats never grow through leveling.
Your goblin ancestry allows you to find more gold. (+20%)
You are small and have problems with some larger weapons.
You have sharp toenails.
You are completely covered in molten scales. (AC +4, rF+)
Your magical capacity is low. (-10% MP)
You are somewhat resistant to further mutation.
You are slightly more attuned to the shadows.
The pity of the gods increases the power of your passive and invoked divine abilities.


Message History

You hit the orc warrior (5). You block the orc warrior's attack.
The orc warrior blocks your attack.
The orc warrior hits you with a +0 halberd (21)!!
You hit the orc warrior but do no damage.
You claw the orc warrior (1).
You hit the orc warrior but do no damage.
The orc warrior misses you (0).
You hit the orc warrior but do no damage.
You block the orc warrior's attack.
You hit the orc warrior but do no damage.
The orc warrior hits you with a +0 halberd (10)!
You hit the orc warrior (2). You block the orc warrior's attack.
You hit the orc warrior but do no damage.
The orc warrior hits you with a +0 halberd (18)!!
* * * LOW HITPOINT WARNING * * *
You hit the orc warrior but do no damage.
Your kick misses the orc warrior.
The orc warrior hits you with a +0 halberd (27)!!
You die...
Your body crumbles into a pile of gold.

.###########.................#...
.#........ #.................#...
.#........ #...#######......##...
.#........ #...#.....#......#....
.#....o... #...#.....#......#....
.#..o...o. #...#.....#......#....
.#'#########.o.'.....#......#....
...............#o....#....###....
...............#@....#....#...>..
...............#.....#)...#......
.....[.........#....##....#......
...............#....#.....#......
......###[.....#....#.....#......
#.###.#.#......#.>..#.....#......
### ###.#......###'##..†..#......
#.#.........).......#......
#.###################......


You could see an orc warrior.

Vanquished Creatures
  Grinder (D:3)
  2 scorpions
  A porcupine (D:4)
  An ogre (D:3)
  2 big kobolds (D:2)
  4 bullfrogs
  8 jellies
  A crimson imp (D:4)
  3 hounds (D:3)
  2 orc wizards
  5 mummies (D:3)
  An iguana (D:3)
  4 worker ants
  2 wyvern zombies (D:4)
  2 wyvern skeletons
  5 giant cockroaches
  A bullfrog zombie (D:4)
  2 bullfrog skeletons
  7 adders
  5 sewer rats (D:2)
  A worm (D:3)
  A spectral giant cockroach (D:3)
  6 cinder newts
  A spectral orc (D:3)
  A spectral worker ant (D:3)
  A hound skeleton (D:3)
  7 oozes
  A howler monkey simulacrum (D:3)
  A dart slug (D:1)
  10 leopard geckos
  18 orcs
  4 goblins (D:1)
  9 hobgoblins (D:1)
  10 jackals (D:3)
  3 quokkas
  A ball python skeleton (D:2)
  4 bats (D:1)
  A bat skeleton (D:2)
  16 kobolds
  A quokka skeleton (D:3)
  5 rats (D:1)
  2 fungi (D:1)
163 creatures vanquished.

Vanquished Creatures (others)
  2 jellies (D:2)
  A giant cockroach (D:2)
  A goblin (D:2)
  8 kobolds (D:2)
  2 ball pythons (D:2)
  A bat (D:2)
  A spectral orc (D:3)
  3 giant blowflies (D:2)
  A slimehead (D:2)
  113 withered plants (D:2)
133 creatures vanquished.

Grand Total: 296 creatures vanquished

Notes
Turn   | Place    | Note
-------+----------+-------------------------------------------
     0 | D:1      | Chiseanne the Goblin Demonspawn began the quest for the
                  | Orb.
     0 | D:1      | Reached XP level 1. HP: 13/13 MP: 2/2
    67 | D:1      | Gained mutation: You have sharp toenails. [demonic
                  | ancestry]
    67 | D:1      | Reached XP level 2. HP: 19/19 MP: 3/3
    78 | D:1      | Found a shattered altar of Ashenzari.
   140 | D:1      | Gained mutation: You are partially covered in molten
                  | scales. (AC +2) [demonic ancestry]
   140 | D:1      | Reached XP level 3. HP: 25/25 MP: 4/4
   236 | D:1      | Reached skill level 5 in Dodging
   237 | D:1      | Reached XP level 4. HP: 31/31 MP: 5/5
   270 | D:1      | Identified a scroll of acquirement
   686 | D:2      | Noticed Robin
   747 | D:2      | HP: 1/31 [acid (7)]
   748 | D:2      | Gained mutation: You are mostly covered in molten scales.
                  | (AC +3) [demonic ancestry]
   748 | D:2      | Reached XP level 5. HP: 1/37 MP: 6/6
  1039 | D:2      | Gained mutation: You are slightly more attuned to the
                  | shadows. [demonic ancestry]
  1039 | D:2      | Reached XP level 6. HP: 34/45 MP: 7/7
  1173 | D:2      | Identified the Papyrus of the Unstable Rocks (You acquired
                  | it on level 2 of the Dungeon)
  1187 | D:2      | Reached skill level 5 in Fighting
  1324 | D:2      | Reached XP level 7. HP: 15/50 MP: 8/8
  1740 | D:3      | Reached skill level 5 in Stealth
  1840 | D:3      | Noticed Grinder
  1845 | D:3      | Killed Grinder
  1845 | D:3      | Reached XP level 8. HP: 49/58 MP: 8/8
  2150 | D:3      | Found an iron altar of Okawaru.
  2176 | D:3      | Identified the cursed amulet "Dyegh" {*Corrode +Rage +Inv
                  | rElec, (Curse: Fragile)}
  2980 | D:3      | Reached skill level 1 in Armour
  3197 | D:4      | Gained mutation: You are completely covered in molten
                  | scales. (AC +4, rF+) [demonic ancestry]
  3197 | D:4      | Reached XP level 9. HP: 52/65 MP: 9/9
  4060 | D:4      | Found a staircase to the Ecumenical Temple.
  4067 | Temple   | Entered the Ecumenical Temple
  4137 | Temple   | Became a worshipper of Gozag Ym Sagoz the Greedy
  4189 | D:4      | Bought the +6 heater shield of the Voivode {rPois Str-4
                  | Dex+6 Slay+2} for 583 gold pieces
  4244 | D:4      | Reached skill level 1 in Shields
  4393 | D:4      | Mangled by an orc warrior

Levels and vault maps discovered:
D:1:      lemuel_arrival_muddy, layout_rooms, nicolae_ashenzari_panopticon
D:2:      layout_sewer, elyvilon_niche, uniq_purgy, uniq_robin
D:3:      ossuary_due_small_catacomb, layout_loops_cross, first_ration,
          okawaru_gym_becter, uniq_grinder
D:4:      layout_irregular_city, amethyst_overflow_temple_binary,
          minmay_temple_entry_butterflies, hangedman_little_slice_of_home
Temple:   eino_temple_rhombus

Skill      XL: |  1  2  3  4  5  6  7  8  9 |
---------------+----------------------------+-----
Fighting       | 2 3 4 5 6 7 8 |  8.6
Dodging        | 5 6 7 8 |  8.4
Stealth        | 4 5 7 8 |  8.3
Armour         | 2 4 |  4.4
Shields        | 1 |  1.1
Short Blades   | |  2.6
Spellcasting   | |  1.3
Fire Magic     | |  2.6
Invocations    | |  4.0

Action                   |  1- 3 |  4- 6 |  7- 9 || total
-------------------------+-------+-------+-------++-------
Melee: Rapier            |    50 |   126 |   270 ||   446
       Dagger            |    31 |    29 |       ||    60
       Unarmed           |     5 |       |       ||     5
       Short sword       |       |    69 |   178 ||   247
       Kick              |       |     8 |    35 ||    43
Invok: Call Merchant     |       |       |     1 ||     1
Evoke: Wand              |       |       |     9 ||     9
  Use: Scroll            |       |     1 |       ||     1
       Potion            |       |     1 |       ||     1
 Stab: Sleeping          |       |     2 |    20 ||    22
  Eat: Chunk             |       |     2 |     7 ||     9
       Ration            |       |       |     3 ||     3
Armor: Leather armour    |     9 |    30 |    42 ||    81
       Ring mail         |       |       |    29 ||    29
Dodge: Dodged            |    52 |   109 |   201 ||   362
Block: Heater shield     |       |       |    20 ||    20
